 Dungeon Crawl Stone Soup version 0.30.0-11-gf55b779eaf (webtiles) character file.

Game seed: 13208139726316936017

61581 qdestroyer the Severer (level 14, -6/135 HPs)
             Began as a Minotaur Berserker on May 17, 2023.
             Was a High Priest of Trog.
             Mangled by a wolf spider (12 damage)
             ... while petrified by a catoblepas
             ... on level 12 of the Dungeon.
             The game lasted 00:37:49 (18887 turns).

qdestroyer the Severer (Minotaur Berserker)        Turns: 18887, Time: 00:37:50

Health: -6/135     AC: 45    Str: 31    XL:     14   Next: 61%
Magic:  13/13      EV:  2    Int:  7    God:    Trog [*****.]
Gold:   930        SH:  0    Dex:  9    Spells: 13/13 levels left

rFire   . . .        z - +7 war axe of Orghopnametu {flame, rN+ Str+3 Stlth+}
rCold   + . .        y - +2 tower shield {rC+}
rNeg    + + +        H - +8 orange crystal plate armour {Archmagi, Int+3 Clar}
rPois   ∞            D - +2 hat
rElec   .            s - +0 cloak
rCorr   .            I - +2 pair of gloves {Stlth+}
SInv    .            q - +0 pair of boots
Will    ++...        (no amulet) Stlth
                     A - +4 ring of protection
HPRegen 0.42/turn    n - ring of willpower
MPRegen 0.13/turn

%: clarity, archmagi
@: petrified
A: horns 2, retaliatory headbutt
a: Renounce Religion, Berserk, Trog's Hand, Brothers in Arms


You were on level 12 of the Dungeon.
You worshipped Trog.
Trog was extremely pleased with you.
You visited 1 branch of the dungeon, and saw 15 of its levels.
You also visited: Sewer, Bailey and Ice Cave.

You collected 2465 gold pieces.
You spent 1535 gold pieces at shops.

Inventory:

Hand Weapons
 r - a +2 mace of holy wrath
 x - a +7 heavy demon trident
 z - the +7 war axe of Orghopnametu (weapon) {flame, rN+ Str+3 Stlth+}
   (You found it on level 7 of the Dungeon)

   Str:       It affects your strength (+3).
   rN:        It protects you from negative energy.
   Stlth:     It makes you more stealthy.
Missiles
 a - 2 throwing nets (quivered)
Armour
 q - a +0 pair of boots (worn)
 s - a +0 cloak (worn)
 y - a +2 tower shield of cold resistance (worn)
 D - a +2 hat (worn)
 H - the +8 orange crystal plate armour (worn) {Archmagi, Int+3 Clar}
   (You took it off an orc knight on level 13 of the Dungeon)

   Int:       It affects your intelligence (+3).
   Clar:      It protects you from confusion, rage, mesmerisation and fear.
 I - a +2 pair of gloves of stealth (worn)
Jewellery
 h - a ring of protection from fire
 n - a ring of willpower (right hand)
 A - a +4 ring of protection (left hand)
 E - a ring of willpower
 F - a ring of see invisible
Scrolls
 e - 6 scrolls of poison
 j - 3 scrolls of fog
 o - 3 scrolls of magic mapping
 p - 9 scrolls of teleportation
 t - a scroll of fear
 v - 4 scrolls of blinking
 B - a scroll of brand weapon
 G - a scroll of identify
Potions
 b - a potion of resistance
 c - 4 potions of attraction
 d - 12 potions of curing
 f - 2 potions of magic
 g - 4 potions of lignification
 i - a potion of mutation
 k - 2 potions of flight
 l - 6 potions of haste
 m - 4 potions of brilliance
 u - 4 potions of heal wounds
 w - 4 potions of invisibility
 C - a potion of ambrosia


   Skills:
 + Level 15.1 Fighting
 + Level 18.5 Axes
 + Level 16.6 Armour
 - Level 2.2 Dodging
 + Level 12.0 Shields


You had 13 spell levels left.
You didn't know any spells.
Your spell library was empty.

Dungeon Overview and Level Annotations

Branches:
Dungeon (15/15)            Temple (0/1) D:6            Lair (0/5) D:9
    Orc (0/2) D:9          Vaults (0/5) D:13         Depths (0/4) D:15
  Sewer (visited)          Bailey (visited)           IceCv (visited)

Altars:
Fedhas
Gozag
Hepliaklqana
Makhleb
Nemelex Xobeh
Qazlal
Sif Muna
Trog
Wu Jian
Xom
Zin
Lugonu

Shops:
D:2 (*?   D:3 *   D:7 (   D:9 (   D:13 *(*[*

Annotations:
D:9 exclusion: ice statue
D:12 1 transporter, pdpol's ghost, journeyman MiFi


Innate Abilities, Weirdness & Mutations

You have a pair of horns on your head.
You reflexively headbutt those who attack you in melee.


Message History

The moth of wrath bites you but does no damage.
The catoblepas gores you!
Pdpol's ghost hits you but does no damage.
The basilisk bites you but does no damage.
The wolf spider hits you but does no damage.
The wolf spider bites you but does no damage.
The wolf spider hits you but does no damage.
The wolf spider bites you but does no damage.
The catoblepas gores you!
The moth of wrath bites you but does no damage.
The basilisk bites you but does no damage.
Pdpol's ghost hits you!
* * * LOW HITPOINT WARNING * * *
The wolf spider hits you but does no damage.
The wolf spider bites you.
* * * LOW HITPOINT WARNING * * *
The catoblepas gores you!!!
* * * LOW HITPOINT WARNING * * *
The wolf spider hits you but does no damage.
The wolf spider bites you but does no damage.
The moth of wrath bites you but does no damage.
The wolf spider hits you but does no damage.
The wolf spider bites you!
* * * LOW HITPOINT WARNING * * *
The catoblepas gores you.
The basilisk bites you but does no damage.
Pdpol's ghost hits you but does no damage.
The wolf spider hits you but does no damage.
The wolf spider bites you but does no damage.
The moth of wrath barely misses you.
The catoblepas gores you but does no damage.
The wolf spider hits you but does no damage.
The wolf spider bites you but does no damage.
The moth of wrath bites you but does no damage.
The basilisk gazes at you. You resist with almost no effort.
Pdpol's ghost hits you but does no damage.
The moth of wrath is no longer petrified.
The wolf spider hits you!!
You die...

....# #.###........## #......#
....# #........###..# #......#
....# ###..#####.##.## #......#
....# #..##.....$#..# #......#
....# #.##....#..##.# #......#
....#####.#...#...#.#.####......#
..........##..##.#. #...........#
....####..©#.#.ys#[##.#.##......#
##### ##.##...y@#?#..#.#####.###
##### #.#...#WlY!#©...##...<#
....# #.#.#...#.}#..###..####
###.# #.##.#....=##.# #.##
###'### #..#...#.#..#.###.#####
......# ##.#...#.#..#.##.....:#
......####.#.......##.##......#
......'....###.©.###..........#
......####...#####...###......#


You could see a catoblepas (berserk), a wolf spider (berserk), 2 moths of wrath,
a basilisk and pdpol's ghost.

Vanquished Creatures
  A lich (IceCv)
  Rupert (D:13)
  Azrael (D:13)
  A hydra (D:15)
  2 catoblepae
  10 centaur warriors
  3 rakshasas (D:15)
  4 vault guards
  A caustic shrike simulacrum (IceCv)
  3 boulder beetles (D:13)
  A tengu warrior (D:12)
  3 two-headed ogres
  3 skeletal warriors (D:14)
  A glowing orange brain (D:15)
  3 bog bodies (IceCv)
  A wizard (D:15)
  2 spriggan simulacra (IceCv)
  An obsidian statue (IceCv)
  3 harpies (D:14)
  2 orc knights (D:13)
  6 deep elf pyromancers
  A wolf spider (D:15)
  A necromancer (IceCv)
  6 cyclopes
  6 ugly things
  2 manticores
  3 gargoyles
  An unseen horror (D:13)
  2 anaconda simulacra (IceCv)
  2 komodo dragons (shapeshifter)
  17 freezing wraiths
  3 efreet
  2 komodo dragons
  A golden dragon simulacrum (IceCv)
  4 tengu conjurers
  An ice devil (IceCv)
  6 trolls
  A hornet (D:10)
  Sigmund (D:5)
  2 wyverns
  3 dire elephant simulacra (IceCv)
  20 yaks
  A wraith (D:13)
  3 fire elementals
  A vampire (D:12)
  10 slime creatures
  5 basilisks
  A redback (D:12)
  2 steam dragons
  10 vampire mosquitoes
  A minotaur simulacrum (IceCv)
  4 harpy simulacra (IceCv)
  An acid dragon (D:10)
  Edmund (D:6)
  3 hydra simulacra (IceCv)
  3 hell hounds (D:12)
  An ice beast (shapeshifter) (D:15)
  2 sky beasts
  2 black bears
  5 alligator simulacra (IceCv)
  11 orc warriors
  7 centaurs
  3 bullfrogs
  7 kobold brigands
  2 deep troll simulacra (IceCv)
  3 scorpions
  A hornet simulacrum (D:14)
  4 lindwurm simulacra (IceCv)
  6 killer bees (D:9)
  5 howler monkeys
  2 electric eels (D:9)
  A lava snake (D:10)
  4 hounds
  10 orc priests
  4 jellies
  3 gnoll boudas
  2 sleepcaps (D:6)
  Terence (D:3)
  3 iguanas
  15 orc wizards
  17 gnolls
  A river rat (D:6)
  9 adders
  3 shadow imps
  A white imp (D:7)
  2 dart slugs
  54 orcs
  9 ball pythons
  7 endoplasms
  9 giant cockroaches
  3 goblins
  4 hobgoblins
  3 jackals (D:1)
  5 bats
  5 frilled lizards
  25 kobolds
  12 rats
457 creatures vanquished.

Vanquished Creatures (others)
  A floating eye (shapeshifter) (D:13)
1 creature vanquished.

Grand Total: 458 creatures vanquished

Notes
Turn   | Place    | Note
-------+----------+-------------------------------------------
     0 | D:1      | qdestroyer the Minotaur Berserker began the quest for the
                  | Orb.
     0 | D:1      | Reached XP level 1. HP: 19/19 MP: 0/0
   142 | D:1      | Found a faded altar of an unknown god.
   409 | D:1      | Reached skill level 4 in Axes
   409 | D:1      | Reached XP level 2. HP: 27/27 MP: 1/1
   683 | D:2      | Found Mionud's Assorted Antiques.
   776 | D:2      | Reached XP level 3. HP: 25/34 MP: 2/2
   866 | D:2      | Reached ** piety under Trog
   919 | D:2      | Found Garoofe's Magic Scroll Shop.
   927 | D:2      | Reached XP level 4. HP: 41/41 MP: 3/3
   929 | D:2      | Bought a scroll of teleportation for 33 gold pieces
  1017 | D:2      | Bought a scroll labelled ANUASTR XOLASMA for 20 gold pieces
  1017 | D:2      | Bought a scroll labelled OCYRUE LENA for 20 gold pieces
  1125 | D:2      | Reached skill level 5 in Axes
  1173 | D:2      | Found Kuggouv's Weapon Boutique.
  1537 | D:3      | Noticed Terence
  1544 | D:3      | Killed Terence
  1800 | D:3      | Reached XP level 5. HP: 39/47 MP: 4/4
  2130 | D:3      | Found Jyaschodd's Assorted Antiques.
  2300 | D:4      | Reached skill level 5 in Fighting
  2548 | D:4      | Found a blossoming altar of Fedhas.
  2782 | D:4      | Reached skill level 6 in Axes
  2782 | D:4      | Reached XP level 6. HP: 52/56 MP: 5/5
  3132 | D:4      | Found a glowing silver altar of Zin.
  3132 | D:4      | Found an opulent altar of Gozag.
  3191 | D:5      | Entered Level 5 of the Dungeon
  3286 | D:5      | Identified the +5 leather armour of the Doldrums {rElec rF-
                  | rC+++ Stlth+}
  3485 | D:5      | Reached skill level 5 in Armour
  3616 | D:5      | Noticed Sigmund
  3628 | D:5      | Killed Sigmund
  3629 | D:5      | Reached skill level 7 in Axes
  3629 | D:5      | Reached skill level 1 in Shields
  3629 | D:5      | Reached XP level 7. HP: 40/62 MP: 6/6
  4190 | D:6      | Noticed Edmund
  4195 | D:6      | Killed Edmund
  4378 | D:6      | Found a staircase to the Ecumenical Temple.
  4417 | D:6      | Reached skill level 8 in Axes
  4529 | D:6      | Reached XP level 8. HP: 66/70 MP: 7/7
  4552 | D:6      | Reached *** piety under Trog
  4569 | D:6      | Found a glowing drain.
  4577 | Sewer    | Entered a sewer
  4730 | Sewer    | Found a viscous altar of Jiyva.
  5122 | D:6      | Reached **** piety under Trog
  5143 | D:6      | Reached skill level 9 in Axes
  5768 | D:6      | Reached skill level 10 in Axes
  5768 | D:6      | Reached XP level 9. HP: 67/79 MP: 8/8
  6170 | D:7      | Reached skill level 11 in Axes
  6249 | D:7      | Found Zawk's Firing Range.
  6368 | D:7      | Identified the +7 war axe of Orghopnametu {flame, rN+ Str+3
                  | Stlth+}
  6459 | D:7      | You fall into a shaft and drop 2 floors!
  6729 | D:8      | Reached ***** piety under Trog
  6730 | D:8      | Reached skill level 12 in Axes
  6960 | D:8      | Found a runed translucent door.
  6998 | D:7      | Reached XP level 10. HP: 90/90 MP: 9/9
  7230 | D:8      | Noticed a cyan ugly thing
  7245 | D:8      | Killed a cyan ugly thing
  7249 | D:8      | Reached skill level 10 in Armour
  7573 | D:8      | Identified the +0 flail of Unreason {vamp, rF+ Dex+6}
  7743 | D:8      | Found a hazy altar of Hepliaklqana.
  7996 | D:9      | Noticed a two-headed ogre
  8003 | D:9      | Killed a two-headed ogre
  8004 | D:9      | Reached skill level 13 in Axes
  8170 | D:9      | Found a staircase to the Lair.
  8247 | D:9      | Identified the +4 quarterstaff of Opsosk {drain, rN+ Str-4
                  | Dex+6 Stlth+}
  8705 | D:9      | Found a staircase to the Orcish Mines.
  8773 | D:9      | Reached skill level 14 in Axes
  8773 | D:9      | Reached XP level 11. HP: 98/99 MP: 10/10
  8824 | D:9      | Reached skill level 5 in Shields
  8902 | D:9      | Found Plog's Antique Weapon Shop.
  9022 | D:10     | Entered Level 10 of the Dungeon
  9046 | D:10     | Found a shimmering blue altar of Sif Muna.
  9107 | D:10     | Reached skill level 10 in Fighting
  9132 | D:10     | Found a flagged portal.
  9143 | Bailey   | Entered a bailey
  9304 | Bailey   | Reached ****** piety under Trog
  9448 | Bailey   | Received a gift from Trog
  9520 | Bailey   | Found a bloodstained altar of Trog.
  9644 | D:10     | Found a stormy altar of Qazlal.
 10025 | D:10     | Found an ornate altar of the Wu Jian Council.
 10068 | D:10     | Found a burning altar of Makhleb.
 10759 | D:11     | Reached skill level 15 in Axes
 11015 | D:12     | Found a transporter.
 11019 | D:12     | Noticed pdpol's ghost (journeyman MiFi)
 11019 | D:12     | Noticed a catoblepas
 11082 | D:12     | Found a transporter.
 11251 | D:12     | Noticed a two-headed ogre
 11284 | D:12     | Killed a two-headed ogre
 11496 | D:12     | Noticed a two-headed ogre
 11500 | D:12     | Killed a two-headed ogre
 11769 | D:12     | Noticed a wolf spider
 11809 | D:13     | Found Wuanetei's Assorted Antiques.
 11812 | D:13     | Bought a scroll of blinking for 232 gold pieces
 11828 | D:13     | Noticed Azrael
 12081 | D:12     | Reached XP level 12. HP: 110/110 MP: 11/11
 12192 | D:13     | Killed Azrael
 12198 | D:13     | Reached skill level 16 in Axes
 12371 | D:13     | Found Zoc Hibb's Assorted Antiques.
 12486 | D:13     | Bought a scroll labelled SAMUMY MIUSMOU for 32 gold pieces
 12487 | D:13     | Acquired 781 gold pieces
 12503 | D:13     | Found a gate to the Vaults.
 12503 | D:13     | Noticed a vault guard
 12503 | D:13     | Noticed a vault guard
 12503 | D:13     | Noticed a vault guard
 12503 | D:13     | Noticed a tengu warrior
 12503 | D:13     | Noticed a catoblepas
 12505 | D:13     | Noticed a vault guard
 12506 | D:13     | Noticed a boulder beetle
 12754 | D:12     | Killed a tengu warrior
 12759 | D:12     | Killed a vault guard
 12890 | D:12     | Killed a vault guard
 12999 | D:12     | Killed a vault guard
 13115 | D:13     | Killed a catoblepas
 13129 | D:13     | Killed a boulder beetle
 13168 | D:13     | Killed a vault guard
 13329 | D:13     | Noticed Rupert
 13339 | D:13     | Killed Rupert
 13403 | D:13     | Found Hetodehy's Armour Emporium.
 13410 | D:13     | Found Xugahyi's Weapon Shop.
 13411 | D:13     | Bought a +2 hat for 256 gold pieces
 13422 | D:13     | Found Yrhorari's Assorted Antiques.
 13515 | D:13     | Found a shimmering altar of Xom.
 13516 | D:13     | Found a sparkling altar of Nemelex Xobeh.
 13517 | D:13     | Found a shimmering blue altar of Sif Muna.
 13517 | D:13     | Found a bloodstained altar of Trog.
 13682 | D:13     | Noticed a centaur warrior
 13688 | D:13     | Killed a centaur warrior
 13720 | D:13     | Noticed a centaur warrior
 13722 | D:13     | Noticed a centaur warrior
 13727 | D:13     | Noticed a centaur warrior
 13732 | D:13     | Killed a centaur warrior
 13735 | D:13     | Noticed a centaur warrior
 13736 | D:13     | Reached XP level 13. HP: 92/119 MP: 12/12
 13749 | D:13     | Reached skill level 17 in Axes
 13999 | D:13     | Received a gift from Trog
 14210 | D:13     | Identified the +2 robe of the New World {Harm Dex-3 Stlth+}
 14212 | D:13     | Reached skill level 15 in Armour
 14704 | D:14     | Found a frozen archway.
 14709 | IceCv    | Entered an ice cave
 15415 | IceCv    | Found an ancient bone altar of Kikubaaqudgha.
 15842 | IceCv    | Reached skill level 10 in Shields
 16176 | IceCv    | Noticed a lich
 16185 | IceCv    | Killed a lich
 16188 | IceCv    | Received a gift from Trog
 16193 | IceCv    | Reached XP level 14. HP: 132/132 MP: 13/13
 16310 | D:14     | Reached skill level 18 in Axes
 16503 | D:14     | Identified the +0 robe "Onegy" {*Corrode rN+ Int+6}
 16721 | D:14     | Found a bloodstained altar of Trog.
 17263 | D:15     | Entered Level 15 of the Dungeon
 17387 | D:15     | Found a corrupted altar of Lugonu.
 18273 | D:15     | Reached skill level 15 in Fighting
 18367 | D:15     | Found a staircase to the Depths.
 18786 | D:13     | Bought a potion of haste for 290 gold pieces
 18786 | D:13     | Bought a potion of haste for 290 gold pieces
 18786 | D:13     | Bought a potion of heal wounds for 145 gold pieces
 18786 | D:13     | Bought a scroll of blinking for 217 gold pieces
 18885 | D:12     | HP: 5/135 [wolf spider (6)]
 18887 | D:12     | Mangled by a wolf spider

Illustrated notes

Levels and vault maps discovered:
D:1:      scummos_arrival_hexagon, layout_basic,
          hellmonk_ecumenical_altar_blasted
D:2:      minmay_skewed_foursquare, layout_basic, serial_shops,
          nicolae_shop_waterfront, shop, shop
D:3:      layout_loops_ring, serial_shops, nicolae_shop_tiny_statue_garden,
          uniq_terence
D:4:      layout_loops_corners, grunt_temple_overflow_gold_and_silver,
          fedhas_ov_isle_minmay
D:5:      layout_loops_ring, uniq_sigmund
D:6:      layout_basic, minmay_temple_entry_crystal_x, portal_sewer_entry_b,
          uniq_edmund
D:7:      layout_basic, nicolae_shop_firing_range
D:8:      layout_loops_corners, worldfamousw_hep_ancestral_shrine,
          chequers_serial_rivers_micro_d, hangedman_decor_growths, wad_hexagon
D:9:      lemuel_ice_statue, layout_rooms, david_lair_shrubbed, erik_orc_2,
          serial_shops, nicolae_shop_hallway_plus, minivault_4,
          nicolae_figureground_sparkle
D:10:     layout_loops_ring, nicolae_wu_jian_glorious_leap,
          lightli_temple_of_fire, mainiacjoe_overflow_alcove_4,
          nicolae_sif_muna_condensation, enter_bailey_2
D:11:     layout_irregular_city
D:12:     layout_roguey, gammafunk_ghost_berserking_beasts
D:13:     minmay_the_grid_octo_tiled_octocenter [minmay_the_grid_octo_shrine,
          minmay_the_grid_octo_fan_narrow, minmay_the_grid_octo_chip,
          minmay_the_grid_octo_tetromino_candy,
          minmay_the_grid_octo_prize_big_c,
          minmay_the_grid_square_5x5_hourglass,
          minmay_the_grid_square_5x5_inset, minmay_the_grid_square_5x5_comb,
          minmay_the_grid_square_5x5_doubleslash], layout_rooms,
          lightli_vaults_fourway_checkpoint, serial_shops, shop,
          nicolae_stop_n_shop_2, nicolae_shop_trees, nicolae_take_the_stairs,
          nicolae_shop_overgrown_old_shop, uniq_azrael, uniq_rupert
D:14:     layout_loops_cross, bloody_trog, portal_ice_cave_entry_pillars_three,
          minmay_misc_feat_chi, argonaut_gorgonesque
D:15:     gammafunk_enter_depths_forms, layout_layer_cave, serial_park_avenue1,
          tgw_lugonu_bribe

Skill      XL: |  1  2  3  4  5  6  7  8  9 10 11 12 13 14 |
---------------+-------------------------------------------+-----
Fighting       | 4 5 6 7 8 9 11 12 14 15 | 15.1
Axes           | 4 5 6 7 8 10 12 14 15 16 17 18 | 18.5
Armour         | 3 4 5 6 8 9 11 12 14 15 16 | 16.6
Shields        | 1 2 3 4 6 8 10 12 | 12.0
Dodging        | |  2.2

Action                     |  1- 3 |  4- 6 |  7- 9 | 10-12 | 13-15 || total
---------------------------+-------+-------+-------+-------+-------++-------
  Melee: Hand axe          |    62 |   101 |       |       |       ||   163
         Headbutt          |    10 |    19 |    40 |    65 |    97 ||   231
         Punch             |     1 |       |       |       |       ||     1
         War axe           |       |    33 |   235 |   381 |   410 ||  1059
 Invoke: Berserk           |       |       |       |     3 |     4 ||     7
         Trog's Hand       |       |       |       |       |     3 ||     3
    Use: Scroll            |       |    11 |     7 |    10 |     4 ||    32
         Potion            |       |       |       |     3 |     3 ||     6
   Stab: Petrified         |       |       |       |     7 |     7 ||    14
         Petrifying        |       |       |       |       |     1 ||     1
 Armour: Ring mail         |    17 |     3 |       |       |       ||    20
         Chain mail        |       |    58 |   141 |       |       ||   199
         Plate armour      |       |       |     2 |   189 |    34 ||   225
         Crystal plate arm |       |       |       |       |   329 ||   329
  Dodge: Dodged            |    35 |    62 |   106 |   115 |    76 ||   394
  Block: Buckler           |       |    13 |    37 |     8 |       ||    58
         Kite shield       |       |       |       |   123 |   115 ||   238
         Tower shield      |       |       |       |       |   175 ||   175
